 Dungeon Crawl Stone Soup version 0.31.0-1-g2c135a008e (webtiles) character file.

Game seed: 101320288566808639

1190 qw the Shooter (level 8, -1/58 HPs)
             Began as a Djinni Hunter on Jan 23, 2024.
             Was a Follower of Okawaru.
             Slain by an orc
             ... wielding a +0 falchion
              (6 damage)
             ... on level 6 of the Dungeon.
             The game lasted 00:00:20 (4043 turns).

qw the Shooter (Djinni Hunter)                      Turns: 4043, Time: 00:00:20

Health: -1/58      AC: 10    Str: 10    XL:     8   Next: 71%
Gold:   262        EV: 12    Int: 11    God:    Okawaru [*.....] SH:  0 Dex: 19

rFire   + + .        m - +0 orcbow
rCold   x . .        (shield currently unavailable)
rNeg    . . .        e - +0 ring mail
rPois   inf          (no helmet)
rElec   .            (no cloak)
rCorr   .            b - +0 pair of gloves
SInv    .            (boots unavailable)
Will    .....        (no amulet)
Stlth   +            j - +4 ring of protection
HPRegen 0.29/turn    (no ring)
MPRegen 0.00/turn

%: infuse magic (-2 HP)
@: about to teleport, flying
A: sickness immunity, fire resistance 2, cold vulnerability 1, float, innate
caster, HP casting, extra vitality 1
a: Renounce Religion, Heroism


You were on level 6 of the Dungeon.
You worshipped Okawaru.
Okawaru was aware of your devotion.
You visited 2 branches of the dungeon, and saw 7 of its levels.

You collected 262 gold pieces.


Innate Abilities, Weirdness & Mutations

You are immune to sickness and miasma.
You are immune to poison.
Your flesh is very heat resistant. (rF++)
You are vulnerable to cold. (rC-)
You float through the air rather than walking.
You learn spells naturally, not from books.
Your magical power is your life essence.
You have superior vitality. (+4 MHP)


   Skills:
 - Level 4.1 Fighting
 + Level 6.7 Ranged Weapons
 - Level 2.9 Armour
 - Level 4.4 Dodging
 - Level 0.7 Stealth
 + Level 2.9 Invocations


You knew the following spells:

 Your Spells              Type           Power      Damage    Failure   Level
a - Freeze                Ice            0%         1d3       65%         1
b - Ensorcelled Hibernat  Hex/Ice        0%         N/A       78%         2
c - Momentum Strike       Conj/Tloc      0%         3d8       78%         2
Your spell library was empty.

Inventory:

Hand Weapons
 m - a +0 orcbow (weapon)
Armour
 b - a +0 pair of gloves (worn)
 e - a +0 ring mail (worn)
Jewellery
 j - a +4 ring of protection (left hand)
Wands
 a - a wand of polymorph (12)
Scrolls
 i - 2 scrolls of fog {unknown}
Potions
 c - a potion of attraction {unknown}
 d - 4 potions of might
 f - 2 potions of curing
 h - a potion of cancellation {unknown}
 k - a potion of mutation {unknown}
 l - 2 potions of degeneration {unknown}

Dungeon Overview and Level Annotations

Branches:
Dungeon (6/15)             Temple (1/1) D:4

Altars:
Ashenzari
Cheibriados
Dithmenos
Elyvilon
Fedhas
Hepliaklqana
Makhleb
Nemelex Xobeh
Okawaru
Qazlal
Ru
Uskayaw
Wu Jian
Xom
Yredelemnul
The Shining One

Shops:
D:1 =

Annotations:
D:5 1 transporter, qw's ghost, novice GrHu


Message History

The orc wizard mumbles some strange words.
The orc wizard flickers and vanishes!
Something hits you. The howler monkey misses you.
You shoot an arrow.
The arrow barely misses the howler monkey.
Something hits you. The orc misses you. Something hits you but does no damage.
Something hits you. The howler monkey hits you. Something hits you.
The orc barely misses you.
You hear some strange, mumbled words.
A magic dart appears from out of thin air!
The magic dart hits you. Something hits you. The howler monkey misses you.
You shoot an arrow. The arrow hits the howler monkey!
You kill the howler monkey!
Okawaru accepts your kill. Something hits you but does no damage.
The orc hits you but does no damage.
Something hits you but does no damage. x2
You shoot an arrow. The arrow hits the orc!
You kill the orc!
Okawaru accepts your kill. Something hits you but does no damage.
The orc hits you with a +0 falchion. Something barely misses you.
Something hits you but does no damage. The orc hits you with a +0 hand axe.
A black bear comes into view.
Something hits you but does no damage. The orc misses you.
4042 ||| READING scroll of teleportation.
As you read the scroll of teleportation, it crumbles to dust.
You feel strangely unstable. Something hits you but does no damage.
Something hits you. Something hits you but does no damage.
The orc hits you with a +0 falchion. The orc hits you but does no damage.
You shoot an arrow. The black bear growls angrily.
The arrow hits the orc.
The orc is moderately wounded.
Something hits you but does no damage.
You hear some strange, mumbled words.
A puff of flame appears from out of thin air!
The puff of flame misses you.
The puff of flame hits something.
Something hits you but does no damage. The orc hits you with a +0 falchion.
You die...

..Y. .... ########## .....
###...[....##########.....
...........'....{o........
###........#####@{..).....
###........# #{o........
(..........# #o.........
...........### #.........#
.............# #.........#
.............# #..[......#
.............# #....h....#
####.........# #....$....#
#.........# #......####


You could see a black bear and 3 orcs.

Vanquished Creatures
  3 yaks
  2 ice beasts (D:6)
  A centaur (D:6)
  A scorpion (D:4)
  A howler monkey (D:6)
  A bombardier beetle (D:5)
  3 hounds
  2 iguanas (D:5)
  An orc wizard (D:3)
  9 adders
  A shadow imp (D:5)
  2 ufetubi (D:5)
  2 ribbon worms
  4 dart slugs
  10 orcs
  3 bats
  5 endoplasms (D:1)
  3 giant cockroaches
  7 goblins
  10 hobgoblins
  2 jackals (D:3)
  3 quokkas
  7 ball pythons
  3 frilled lizards (D:1)
  13 kobolds
  7 rats
106 creatures vanquished.

Notes
Turn   | Place    | Note
-------+----------+-------------------------------------------
     0 | D:1      | qw the Djinni Hunter began the quest for the Orb.
     0 | D:1      | Reached XP level 1. HP: 18/18 MP: 0/0
     0 | D:1      | 0 ||| qw: Version: 0.3-a-135-gb77e89d
     0 | D:1      | 0 ||| qw: Game counter: 951
     0 | D:1      | 0 ||| qw: Melee chars always use a shield: true
     0 | D:1      | 0 ||| qw: God list: Okawaru
     0 | D:1      | 0 ||| qw: Allow faded altars: false
     0 | D:1      | 0 ||| qw: Do Orc after clearing Dungeon:15 true
     0 | D:1      | 0 ||| qw: Do second Lair branch before Depths: true
     0 | D:1      | 0 ||| qw: Lair rune preference: random
     0 | D:1      | 0 ||| qw: Goals: Normal
     0 | D:1      | 0 ||| PLANNING D:1-11
    63 | D:1      | Reached XP level 2. HP: 23/23 MP: 0/0
   191 | D:1      | Reached skill level 4 in Ranged Weapons
   191 | D:1      | Reached XP level 3. HP: 26/28 MP: 0/0
   191 | D:1      | Learned a level 1 spell: Freeze
   226 | D:1      | Found Socenior's Jewellery Emporium.
   235 | D:1      | 235 ||| SHOPLISTING +4 ring of protection (468 gold, have
                  | 14).
   235 | D:1      | 235 ||| SHOPLISTING +6 ring of dexterity (468 gold, have
                  | 14).
   235 | D:1      | 235 ||| SHOPLISTING amulet of reflection (390 gold, have
                  | 14).
   235 | D:1      | 235 ||| SHOPLISTING ring of Jealousy {rElec Will+ rCorr
                  | Int+7 Dex-2} (716 gold, have 14).
   235 | D:1      | 235 ||| SHOPLISTING ring of protection from cold (325 gold,
                  | have 14).
   504 | D:1      | 504 ||| DROPPING +6 ring of intelligence.
   505 | D:1      | 505 ||| READING scroll labelled USISIA EMETWIRGH.
   606 | D:1      | 606 ||| READING scroll labelled ODIDUIKHLOR.
   611 | D:1      | 611 ||| DROPPING scroll of butterflies.
   667 | D:2      | Reached XP level 4. HP: 34/34 MP: 0/0
   695 | D:2      | Reached skill level 3 in Fighting
   889 | D:2      | Reached skill level 3 in Dodging
  1064 | D:2      | 1064 ||| UPGRADING to +0 pair of gloves.
  1069 | D:2      | 1069 ||| UPGRADING to +0 ring mail.
  1079 | D:2      | 1079 ||| DROPPING +0 leather armour.
  1080 | D:2      | 1080 ||| UPGRADING to +4 ring of protection.
  1081 | D:2      | 1081 ||| READING scroll labelled WEESOOTOPI.
  1081 | D:2      | 1081 ||| IDENTIFYING murky white potion
  1082 | D:2      | 1082 ||| READING scroll labelled GEINIO CUUNITS.
  1198 | D:3      | Reached XP level 5. HP: 40/40 MP: 0/0
  1198 | D:3      | Learned a level 2 spell: Ensorcelled Hibernation
  1202 | D:3      | Reached skill level 1 in Armour
  1313 | D:3      | 1313 ||| FLEEEEING.
  1314 | D:3      | 1314 ||| FLEEEEING.
  1315 | D:3      | 1315 ||| FLEEEEING.
  1316 | D:3      | 1316 ||| FLEEEEING.
  1317 | D:3      | 1317 ||| FLEEEEING.
  1318 | D:3      | 1318 ||| FLEEEEING.
  1319 | D:3      | 1319 ||| FLEEEEING.
  1320 | D:3      | 1320 ||| FLEEEEING.
  1321 | D:3      | 1321 ||| FLEEEEING.
  1324 | D:3      | 1324 ||| FLEEEEING.
  1326 | D:3      | 1326 ||| FLEEEEING.
  1327 | D:3      | 1327 ||| FLEEEEING.
  1328 | D:3      | 1328 ||| FLEEEEING.
  1329 | D:3      | 1329 ||| FLEEEEING.
  1330 | D:3      | 1330 ||| FLEEEEING.
  1333 | D:3      | 1333 ||| FLEEEEING.
  1334 | D:3      | 1334 ||| FLEEEEING.
  1335 | D:3      | 1335 ||| FLEEEEING.
  1336 | D:3      | 1336 ||| FLEEEEING.
  1337 | D:3      | 1337 ||| FLEEEEING.
  1427 | D:3      | Found a faded altar of an unknown god.
  1675 | D:3      | 1675 ||| DRINKING 2 dark potions.
  1757 | D:4      | Reached XP level 6. HP: 46/46 MP: 0/0
  1854 | D:4      | 1854 ||| SWAPPING to +0 orcbow.
  1855 | D:4      | 1855 ||| DROPPING +0 shortbow.
  1867 | D:4      | Reached skill level 5 in Ranged Weapons
  1897 | D:4      | HP: 9/46 [orc/+0 flail (5)]
  1898 | D:4      | 1898 ||| READING scroll of teleportation.
  1899 | D:4      | HP: 3/46 [orc/+0 morningstar (3)]
  1902 | D:4      | 1902 ||| FLEEEEING.
  1903 | D:4      | 1903 ||| STAIRDANCE
  2059 | D:3      | 2059 ||| READING scroll labelled UDGHYO HERAE.
  2062 | D:4      | 2062 ||| STAIRDANCE
  2128 | D:4      | 2128 ||| STAIRDANCE
  2243 | D:4      | Found a staircase to the Ecumenical Temple.
  2244 | D:4      | 2244 ||| PLANNING TEMPLE
  2244 | D:4      | 2244 ||| READING scroll labelled VESIMIFR CIET.
  2350 | Temple   | Entered the Ecumenical Temple
  2351 | Temple   | 2351 ||| PLANNING D:1-11
  2433 | D:5      | Entered Level 5 of the Dungeon
  2698 | D:5      | Reached XP level 7. HP: 39/52 MP: 0/0
  2698 | D:5      | Learned a level 2 spell: Momentum Strike
  2877 | D:5      | Found a transporter.
  2878 | D:5      | Noticed qw's ghost (novice GrHu)
  2880 | D:5      | Identified the +8 great mace of Truth {freeze, ^Drain Will+
                  | rCorr Dex+5}
  3158 | D:5      | Found an iron altar of Okawaru.
  3159 | D:5      | 3159 ||| PLANNING OKAWARU WORSHIP
  3159 | D:5      | 3159 ||| READING scroll of identify.
  3159 | D:5      | 3159 ||| IDENTIFYING glowing clear potion
  3160 | D:5      | 3160 ||| READING scroll labelled FASTAY TUNNYST.
  3161 | D:5      | 3161 ||| DRINKING 4 golden potions.
  3162 | D:5      | 3162 ||| DROPPING potion of berserk rage.
  3169 | D:5      | Became a worshipper of Warmaster Okawaru
  3170 | D:5      | 3170 ||| PLANNING D:1-11
  3573 | D:6      | Noticed a yak
  3574 | D:6      | 3574 ||| DRINKING potion of haste.
  3580 | D:6      | Noticed a yak
  3581 | D:6      | Noticed a yak
  3582 | D:6      | 3582 ||| RETREEEEATING.
  3583 | D:6      | 3583 ||| RETREEEEATING.
  3584 | D:6      | Killed a yak
  3585 | D:6      | Reached skill level 6 in Ranged Weapons
  3587 | D:6      | 3587 ||| FLEEEEING.
  3588 | D:6      | 3588 ||| FLEEEEING.
  3589 | D:6      | 3589 ||| FLEEEEING.
  3590 | D:6      | 3590 ||| FLEEEEING.
  3591 | D:6      | 3591 ||| FLEEEEING.
  3592 | D:6      | 3592 ||| FLEEEEING.
  3593 | D:6      | 3593 ||| STAIRDANCE
  3631 | D:6      | 3631 ||| STAIRDANCE
  3636 | D:5      | Killed a yak
  3703 | D:6      | Killed a yak
  3703 | D:6      | Reached * piety under Okawaru
  3704 | D:6      | Reached XP level 8. HP: 29/58 MP: 0/0
  3845 | D:6      | Reached skill level 1 in Invocations
  4027 | D:6      | 4027 ||| RETREEEEATING.
  4028 | D:6      | 4028 ||| RETREEEEATING.
  4033 | D:6      | 4033 ||| DRINKING 3 potions of curing.
  4033 | D:6      | 4033 ||| (to cure confusion)
  4041 | D:6      | HP: 12/58 [orc/+0 hand axe (3)]
  4042 | D:6      | 4042 ||| READING scroll of teleportation.
  4042 | D:6      | HP: 5/58 [orc/+0 falchion (4)]
  4043 | D:6      | Slain by an orc

Levels and vault maps discovered:
D:1:      giann_wishing_wells, layout_basic, serial_shops, shop
D:2:      layout_rooms, corner_web_ring, st_stairs_2
D:3:      layout_rooms, hellmonk_ecumenical_altar_run_dry
D:4:      layout_rooms, minmay_temple_entry_enclosed_plants
D:5:      layout_basic, lemuel_round_altar, gammafunk_ghost_smash
D:6:      layout_basic, fiery_altar_vehumet
Temple:   kb_temple_of_zot

Skill      XL: |  1  2  3  4  5  6  7  8 |
---------------+-------------------------+-----
Ranged Weapons | 4 5 6 |  6.7
Fighting       | 3 4 |  4.1
Dodging        | 3 4 |  4.4
Armour         | 1 2 |  2.9
Invocations    | 2 |  2.9
Stealth        | |  0.7

Action                     |  1- 3 |  4- 6 |  7- 9 || total
---------------------------+-------+-------+-------++-------
   Fire: Shortbow          |    79 |   173 |       ||   252
         Orcbow            |       |    80 |    74 ||   154
    Use: Scroll            |     2 |     5 |     3 ||    10
         Potion            |       |     1 |     3 ||     4
 Armour: Leather armour    |    15 |    13 |       ||    28
         Ring mail         |       |   111 |    82 ||   193
  Dodge: Dodged            |    18 |   134 |    45 ||   197

Table legend:
 A = Non-vault XP
 B = Vault XP
 C = Vault XP percentage of total XP
 D = Non-vault monster count
 E = Vault monster count
 F = Vault count percentage of total count
                 A         B        C        D         E       F
            +---------+---------+-------+---------+---------+-------
      Total |    1686 |      14 |   0.8 |     104 |       2 |   1.9
            +---------+---------+-------+---------+---------+-------
        D:1 |      54 |       0 |   0.0 |      30 |       0 |   0.0
        D:2 |      64 |      14 |  17.9 |      18 |       2 |  10.0
        D:3 |     133 |       0 |   0.0 |      24 |       0 |   0.0
        D:4 |     104 |       0 |   0.0 |      12 |       0 |   0.0
        D:5 |     423 |       0 |   0.0 |       9 |       0 |   0.0
        D:6 |     908 |       0 |   0.0 |      11 |       0 |   0.0
            +---------+---------+-------+---------+---------+-------
